 Dungeon Crawl Stone Soup version 0.26-a0-830-g2a559e7be2 (webtiles) character file.

Game seed: 17740390691840214719

232 Riddle the Skirmisher (level 5, 0/66 HPs)
             Began as a Demonspawn Monk on Nov 15, 2020.
             Succumbed to an orc's poison
             ... on level 4 of the Dungeon.
             The game lasted 00:03:56 (4260 turns).

Riddle the Skirmisher (Demonspawn Monk)             Turns: 4260, Time: 00:03:56

Health: 0/66       AC: 22    Str:  9 (12) XL:     5   Next: 73%
Magic:  5/5        EV:  2    Int: 11 (12) God:
Gold:   201        SH:  0    Dex: 13 (15) Spells: 4/4 levels left

rFire    . . .     SeeInvis .   a - +0 mace
rCold    . . .     Faith    .   (no shield)
rNeg     + + +     Spirit   .   (armour currently unavailable)
rPois    +         Reflect  .   (helmet currently unavailable)
rElec    .         Harm     .   (cloak currently unavailable)
rCorr    .         Rampage  .   (gloves currently unavailable)
MR       .....     NoTele   +   (boots currently unavailable)
Stlth    ++........             (no amulet)
HPRegen  0.21/turn              l - ring of flight
MPRegen  0.09/turn              (no ring)

@: lethally poisoned (0 -> -2), tree-form, attractive
A: powered by death 1
a: no special abilities


You were on level 4 of the Dungeon.
You were a tree.
You visited 1 branch of the dungeon, and saw 4 of its levels.

You collected 201 gold pieces.

Inventory:

Hand Weapons
 a - a +0 mace (weapon)
Armour
 e - a +0 pair of gloves (melded)
 m - a +0 chain mail (melded)
Jewellery
 l - a ring of flight (left branch)
Scrolls
 b - a scroll of immolation {unknown}
 c - a scroll of random uselessness {unknown}
 d - a scroll of teleportation {unknown}
 f - 5 scrolls of identify {unknown}
 g - 3 scrolls of remove curse {unknown}
 i - 2 scrolls of blinking {unknown}
Potions
 n - a potion of lignification


   Skills:
 + Level 5.0 Fighting
 - Level 2.6 Maces & Flails
 + Level 4.6 Dodging
 - Level 1.7 Stealth


You had 4 spell levels left.
You didn't know any spells.
Your spell library was empty.

Dungeon Overview and Level Annotations

Branches:
Dungeon (4/15)
 Temple: D:4-7

Altars:
Xom


Innate Abilities, Weirdness & Mutations

You regenerate a little health from kills.


Message History

You cannot move.
* * * LOW HITPOINT WARNING * * *
You feel sick.
* * * LOW HITPOINT WARNING * * *
You feel sick.
* * * LOW HITPOINT WARNING * * *
You feel sick.
* * * LOW HITPOINT WARNING * * *
You feel sick.
* * * LOW HITPOINT WARNING * * *
You feel sick.
* * * LOW HITPOINT WARNING * * *
You feel sick.
* * * LOW HITPOINT WARNING * * *
You feel sick.
* * * LOW HITPOINT WARNING * * *
You feel sick.
* * * LOW HITPOINT WARNING * * *
You feel sick.
You die...

...........# .......
........... .............
.........................
....................##...
#........##.........#....
#.......................
#......# ...{..........
.#....†)###.............
.>......♣)..........#....
.(#########..............
#..............
#..............
#.........#....
##.......###... ##.....##
#### #######


There were no monsters in sight!

Vanquished Creatures
  A hound (D:4)
  An orc wizard (D:3)
  2 worker ants (D:4)
  3 adders
  3 worms
  4 leopard geckos
  13 orcs
  A giant cockroach (D:4)
  9 goblins
  5 hobgoblins
  5 jackals
  9 kobolds
  7 bats
  2 frilled lizards (D:1)
  6 rats
71 creatures vanquished.

Notes
Turn   | Place    | Note
-------+----------+-------------------------------------------
     0 | D:1      | Riddle the Demonspawn Monk began the quest for the Orb.
     0 | D:1      | Reached XP level 1. HP: 18/18 MP: 1/1
   367 | D:1      | Gained mutation: You regenerate a little health from kills.
                  | [demonic ancestry]
   367 | D:1      | Reached XP level 2. HP: 23/24 MP: 2/2
  1397 | D:2      | Reached XP level 3. HP: 26/29 MP: 3/3
  1658 | D:2      | Found a faded altar of an unknown god.
  2179 | D:2      | Reached skill level 4 in Fighting
  2517 | D:3      | Reached XP level 4. HP: 36/37 MP: 4/4
  2904 | D:3      | Found a shimmering altar of Xom.
  3638 | D:3      | Reached XP level 5. HP: 43/43 MP: 5/5
  4184 | D:4      | Reached skill level 5 in Fighting
  4251 | D:4      | HP: 3/66 [poisoned by an orc]
  4256 | D:4      | HP: 1/66 [poisoned by an orc]
  4260 | D:4      | Succumbed to an orc's poison

Illustrated notes

Levels and vault maps discovered:
D:1:      dpeg_arrival_chambers_temple_mockup, layout_rooms,
          serial_co_window_serial, co_window_of_opportunity_a,
          co_window_paths_b, co_window_paths_b, co_window_of_opportunity_a,
          co_window_paths_a, co_window_of_opportunity_a, co_window_corner_a,
          co_window_cross_2, co_window_cross_4, co_window_broadway_c,
          co_window_corner_b, co_window_corner_b, glass_columns_c,
          glass_columns_b, nrook_mini_vaults
D:2:      layout_loops_ring, chequers_ecumenical_altar_lobes, grunt_ministairs_4
D:3:      layout_loops_corners, xom_teletrap_fun, minmay_unequal
D:4:      layout_rooms

Skill      XL: |  1  2  3  4  5 |
---------------+----------------+-----
Dodging        | 3 4 |  4.6
Fighting       | 4 5 |  5.0
Maces & Flails | |  2.6
Stealth        | |  1.7

Action                   |  1- 3 |  4- 6 || total
-------------------------+-------+-------++-------
Melee: Mace              |   171 |   211 ||   382
  Use: Potion            |       |     5 ||     5
 Stab: Sleeping          |     4 |       ||     4
Armor: Robe              |     9 |       ||     9
       Ring mail         |    55 |    27 ||    82
       Chain mail        |       |   122 ||   122
       Skin              |       |    12 ||    12
Dodge: Dodged            |   153 |    94 ||   247

Table legend: (Time is in decaauts)
 A = Elapsed time spent in this place.
 B = Non-inter-level travel time spent in this place.
 C = Inter-level travel time spent in this place.
 D = Time resting spent in this place.
 E = Time spent auto-exploring this place.
 F = Levels seen in this place.
 G = Mean time per level.
                   A        B        C        D        E       F      G
               +--------+--------+--------+--------+--------+-----+--------+
         Total |   4361 |   4189 |    172 |    780 |   2620 |   4 | 1090.2 |
       Dungeon |   4361 |   4189 |    172 |    780 |   2620 |   4 | 1090.2 |
               +--------+--------+--------+--------+--------+-----+--------+

Top non-repeatable levels by time:
     D:1: 1403 daAuts
     D:3: 1296 daAuts
     D:2: 1135 daAuts
     D:4: 525 daAuts
